 Dungeon Crawl Stone Soup version 0.29-a0-483-g69413ace17 (webtiles) character file.

Game seed: 14462238958824460546

10650 Esekla the Covert (level 11, 0/74 HPs)
             Began as an Octopode Delver on May 26, 2022.
             Was an Initiate of Gozag.
             Shot with an arrow by a centaur (3 damage)
             ... on level 11 of the Dungeon.
             The game lasted 01:03:57 (14589 turns).

Esekla the Covert (Octopode Delver)                Turns: 14589, Time: 01:03:57

Health: 0/74       AC:  3    Str:  9    XL:     11   Next: 65%
Magic:  30/30      EV: 16    Int: 16    God:    Gozag
Gold:   851        SH:  5    Dex: 15    Spells: 12/24 levels left

rFire   + . .      SeeInvis +   s - +4 dagger
rCold   . . .      Faith    .   (no shield)
rNeg    . . .      Spirit   .   F - +2 hat
rPois   +          Reflect  +   K - amulet of reflection
rElec   .          Harm     .   G - ring "Worhiad" {rF+ MP+9 Str-2 Slay+2}
rCorr   +          Rampage  .   J - ring of resist corrosion
Will    +....                   N - ring of see invisible
Stlth   +++++.....              j - ring of poison resistance
HPRegen 0.22/turn               I - ring of ice
MPRegen 0.22/turn               P - ring of fire
                                y - ring of willpower
                                (no ring)

@: no status effects
A: almost no armour, amphibious, 8 rings, camouflage 1, gelatinous body 1,
(nimble swimmer 1), tentacles
a: Renounce Religion, Potion Petition, Call Merchant, Bribe Branch


You were on level 11 of the Dungeon.
You worshipped Gozag.
Gozag was pleased with you.
You visited 2 branches of the dungeon, and saw 12 of its levels.
You also visited: Sewer.

You collected 2536 gold pieces.
You spent 926 gold pieces at shops.
You paid 759 gold pieces to Gozag.

Inventory:

Hand Weapons
 a - a +3 falchion of venom
 r - a +3 spear
 s - a +4 dagger (weapon)
Missiles
 c - 4 poisoned darts
 t - 12 boomerangs (quivered)
 E - 4 silver javelins
 O - 2 curare-tipped darts
Armour
 F - a +2 hat (worn)
Jewellery
 j - a ring of poison resistance (on tentacle)
 y - a ring of willpower (on tentacle)
 G - the ring "Worhiad" (left tentacle) {rF+ MP+9 Str-2 Slay+2}
   (You bought it in a shop on level 2 of the Dungeon)

   [ring of protection from fire]

   Str:       It affects your strength (-2).
   Slay:      It affects your accuracy & damage with ranged weapons and melee
   (+2).
   rF:        It protects you from fire.
   MP:        It affects your magic capacity (+9).
 I - a ring of ice (on tentacle)
 J - a ring of resist corrosion (right tentacle)
 K - an amulet of reflection (around mantle)
 N - a ring of see invisible (on tentacle)
 P - a ring of fire (on tentacle)
Wands
 f - a wand of digging (5)
 n - a wand of acid (3)
 L - a wand of iceblast (2)
 M - a wand of flame (37)
Scrolls
 b - 2 scrolls of fog
 d - 6 scrolls of fear
 g - a scroll of magic mapping
 h - 3 scrolls of poison
 k - 10 scrolls of teleportation
 u - a scroll of silence
 A - a scroll of blinking
 D - a scroll of torment {unknown}
 H - a scroll of enchant armour {unknown}
Potions
 e - a potion of haste
 i - 6 potions of curing
 l - a potion of magic
 m - 2 potions of might
 o - 3 potions of flight {unknown}
 p - a potion of resistance
 q - 3 potions of attraction {unknown}
 v - 4 potions of mutation {unknown}
 w - 2 potions of invisibility
 x - 2 potions of cancellation
 z - a potion of lignification
 B - 3 potions of brilliance {unknown}
 C - 4 potions of heal wounds {unknown}


   Skills:
 * Level 6.6 Fighting
 + Level 3.9(6.4) Short Blades
 * Level 7.9(8.3) Long Blades
 + Level 0.5 Polearms
 + Level 2.5 Throwing
 * Level 6.9 Dodging
 - Level 8.1 Stealth
 + Level 1.9 Shields
 * Level 7.2 Spellcasting
 * Level 3.3 Conjurations
 + Level 1.8 Hexes
 * Level 2.5 Transmutations
 * Level 2.1 Fire Magic
 + Level 5.2 Ice Magic
 * Level 3.4 Air Magic
 + Level 3.8 Poison Magic


You had 12 spell levels left.
You knew the following spells:

 Your Spells              Type           Power      Damage    Failure   Level
c - Mephitic Cloud        Conj/Pois/Air  17%        N/A       9%          3
n - Ignite Poison         Fire/Tmut/Pois 22%        N/A       12%         3
r - Frozen Ramparts       Ice            68%        1d8       4%          3
t - Tukima's Dance        Hex            11%        N/A       17%         3

Your spell library contained the following spells:

 Spells                   Type           Power      Damage    Failure   Level
 Freeze                   Ice            100%       1d11      1%          1
 Ensorcelled Hibernation  Hex/Ice        50%        N/A       4%          2
 Spider Form              Tmut/Pois      15%        N/A       10%         3
 Stone Arrow              Conj/Erth      22%        3d8       19%         3
 Hailstorm                Conj/Ice       29%        3d8       21%         4
 Portal Projectile        Hex/Tloc       16%        N/A       26%         3
 Call Canine Familiar     Summ           5%         N/A       36%         3
 Freezing Cloud           Conj/Ice/Air   14%        6-21      54%         5
 Anguish                  Hex/Necr       4%         N/A       63%         4
 Leda's Liquefaction      Hex/Erth       4%         N/A       63%         4
 Blade Hands              Tmut           6%         N/A       77%         5
 Enfeeble                 Hex            5%         N/A       100%        7
 Malign Gateway           Summ/Tloc      2%         N/A       100%        7
 Lehudib's Crystal Spear  Conj/Erth      5%         10d3      100%        8
 Summon Horrible Things   Summ           2%         N/A       100%        8
 Animate Armour           Summ/Erth      Unusable   N/A       N/A         4

Dungeon Overview and Level Annotations

Branches:
Dungeon (11/15)            Temple (1/1) D:6            Lair (0/6) D:10
    Orc (0/2) D:10          Sewer (visited)

Altars:
Ashenzari
Cheibriados
Elyvilon
Fedhas
Gozag
Hepliaklqana
Makhleb
Nemelex Xobeh
Okawaru
Qazlal
Ru
Uskayaw
Vehumet
Wu Jian
Xom
Yredelemnul
The Shining One
Jiyva

Shops:
D:2 (=*   D:6 *   D:9 =

Annotations:
D:9 3 runed translucent doors, oldmanjim's ghost, novice FoFi


Innate Abilities, Weirdness & Mutations

You cannot wear most types of armour.
You are amphibious.
You can wear up to eight rings at the same time.
Your skin changes colour to match your surroundings (Stealth+).
Your rubbery body absorbs attacks. (AC +1, EV +1)
((You are camouflaged when in or above water. (Stealth+)))
You have tentacles for arms and can constrict up to eight enemies at once.


Message History

A centaur comes into view.
A kobold comes into view. It is wielding a +0 dagger.
The centaur wields a +0 shortbow.
The centaur shoots an arrow.
The arrow hits you!
The centaur wields a +0 shortbow.
The centaur shoots an arrow.
The arrow hits you!
A centaur comes into view.
The acid dragon roars!
The kobold shouts!
The centaur shouts!
You hear a shout!
The centaur shoots an arrow.
The arrow closely misses you.
The centaur wields a +0 shortbow.
The centaur shoots an arrow.
The arrow barely misses you.
A centaur comes into view.
The centaur shoots an arrow.
The arrow hits you.
The centaur shoots an arrow.
The arrow hits you! The acid dragon spits acid at you.
The splash of acid misses you.
The centaur shouts!
You hear a shout!
Casting: Ignite Poison (dangerous; 12% risk of failure)
Confirm with . or Enter, or press ? or * to list all spells.
You can't see any susceptible monsters within range! (Use Z to cast anyway.)
The acid dragon attacks as you move away!
You block the acid dragon's attack. The acid dragon barely misses you.
A centaur comes into view.
The centaur shoots an arrow.
The arrow closely misses you.
The centaur shoots an arrow.
The arrow hits you.
The centaur shoots an arrow.
The arrow hits you!
Casting: Ignite Poison (dangerous; 12% risk of failure)
Confirm with . or Enter, or press ? or * to list all spells.
Aiming: Mephitic Cloud (dangerous; 9% risk of failure)
Press: ? - help, Shift-Dir - straight line
Okay, then.
The centaur shoots an arrow.
The arrow hits you!
* * * LOW HITPOINT WARNING * * *
The centaur shoots an arrow.
The arrow hits you!
* * * LOW HITPOINT WARNING * * *
The centaur wields a +0 vorpal shortbow.
The centaur shoots an arrow.
The arrow hits you!
* * * LOW HITPOINT WARNING * * *
You die...
Your body crumbles into a pile of gold.

. ## .. #.##
.?.###..##
.........#
.......<.## ##
.......@..#..###
...............#
..c....D........
..cc............
................
.cc........#..##
...cK.....##..#
........... .#
............ #


You could see an acid dragon, 6 centaurs and a kobold.

Vanquished Creatures
  A two-headed ogre (D:9)
  Maurice (D:9)
  Joseph (D:8)
  Maggie (D:7)
  Psyche (D:8)
  A komodo dragon (D:10)
  A hornet (D:10)
  Prince Ribbit (D:9)
  4 trolls
  2 shadows (D:9)
  A wraith (D:9)
  2 wyverns (D:10)
  A yak (D:9)
  A steam dragon (D:9)
  Grum (D:8)
  5 vampire mosquitoes
  An acid dragon (D:9)
  3 water moccasins
  3 black bears
  9 orc warriors
  3 swamp drakes (D:10)
  6 centaurs
  2 wolves (D:8)
  4 phantoms
  5 kobold brigands
  3 bullfrogs
  2 necrophages (D:6)
  4 scorpions
  6 wights
  8 killer bees
  3 howler monkeys
  5 hounds
  3 jellies (D:7)
  Crazy Yiuf (D:6)
  2 gnoll shamans
  8 orc priests
  An iguana (D:4)
  7 orc wizards
  15 adders
  8 gnolls
  2 river rats
  A shadow imp (D:7)
  2 white imps (D:7)
  A worm (D:3)
  2 dart slugs
  43 orcs
  10 ball pythons
  4 bats
  4 endoplasms
  3 giant cockroaches
  4 goblins
  6 hobgoblins
  6 quokkas
  9 frilled lizards
  10 kobolds
  10 rats
254 creatures vanquished.

Vanquished Creatures (others)
  2 orc wizards
  27 fungi
  18 plants (D:10)
47 creatures vanquished.

Grand Total: 301 creatures vanquished

Notes
Turn   | Place    | Note
-------+----------+-------------------------------------------
     0 | D:5      | Esekla the Octopode Delver began the quest for the Orb.
     0 | D:5      | Reached XP level 1. HP: 16/16 MP: 1/1
    13 | D:6      | Noticed a necrophage
    37 | D:6      | Reached XP level 2. HP: 16/21 MP: 2/2
    42 | D:6      | Found a staircase to the Ecumenical Temple.
    53 | Temple   | Entered the Ecumenical Temple
    86 | D:6      | Noticed a black bear
   183 | D:5      | Noticed a phantom
   258 | Temple   | Became a worshipper of Gozag Ym Sagoz the Greedy
   300 | D:5      | Found a glowing drain.
   314 | D:5      | Reached skill level 7 in Stealth
   341 | Sewer    | Entered a sewer
   482 | Sewer    | Reached XP level 3. HP: 25/26 MP: 3/3
   911 | Sewer    | Reached XP level 4. HP: 28/31 MP: 4/4
  1140 | D:5      | Reached skill level 8 in Stealth
  1351 | D:4      | Found a sparkling altar of Nemelex Xobeh.
  1428 | D:4      | Reached XP level 5. HP: 32/36 MP: 6/6
  1645 | D:2      | Learned a level 3 spell: Frozen Ramparts
  1726 | D:2      | Found Feintohao's Jewellery Boutique.
  2156 | D:1      | Found a faded altar of an unknown god.
  2744 | D:2      | Reached skill level 1 in Spellcasting
  2803 | D:2      | Found Hawaxt's Assorted Antiques.
  2822 | D:2      | Bought a scroll labelled POLAOHE XYTWICEAVA for 20 gold
                  | pieces
  2822 | D:2      | Bought a scroll labelled QIFUBRA FECOSM for 20 gold pieces
  2822 | D:2      | Bought a yellow potion for 18 gold pieces
  2822 | D:2      | Bought a sedimented puce potion for 18 gold pieces
  2822 | D:2      | Bought a bubbling yellow potion for 18 gold pieces
  2822 | D:2      | Bought a fizzy yellow potion for 18 gold pieces
  2822 | D:2      | Bought a scroll labelled YQETWO REP KONI for 20 gold pieces
  3021 | D:2      | Found Niroib's Antique Weapon Boutique.
  3218 | D:3      | Reached skill level 1 in Ice Magic
  3417 | D:3      | You fall into a shaft and drop 3 floors!
  3494 | D:3      | Found a snail-covered altar of Cheibriados.
  4126 | D:4      | Reached XP level 6. HP: 42/42 MP: 3/7
  4204 | D:2      | Bought the ring "Worhiad" {rF+ MP+9 Str-2 Slay+2} for 661
                  | gold pieces
  4417 | D:4      | Reached skill level 1 in Short Blades
  4808 | D:4      | Reached XP level 7. HP: 47/47 MP: 9/9
  5519 | D:5      | Identified the +2 helmet of Vimu {-Tele rF+ Will+}
  6261 | D:5      | Reached XP level 8. HP: 30/54 MP: 12/12
  6649 | D:6      | Reached skill level 5 in Long Blades
  6975 | D:6      | Found Qupe's General Store.
  6985 | D:6      | Bought 3 scrolls of identify for 84 gold pieces
  6985 | D:6      | Bought a scroll of poison for 49 gold pieces
  7180 | D:6      | Found a runed translucent door.
  7181 | D:6      | Noticed Crazy Yiuf
  7191 | D:6      | Killed Crazy Yiuf
  8001 | D:7      | Learned a level 3 spell: Tukima's Dance
  8029 | D:7      | Found a radiant altar of Vehumet.
  8083 | D:7      | Reached skill level 5 in Fighting
  8303 | D:7      | Reached XP level 9. HP: 46/61 MP: 14/14
  8311 | D:7      | Reached skill level 1 in Shields
  8767 | D:7      | Reached skill level 1 in Hexes
  9057 | D:7      | Noticed Maggie
  9077 | D:7      | Killed Maggie
  9078 | D:7      | Reached skill level 1 in Throwing
  9811 | D:7      | Learned a level 3 spell: Mephitic Cloud
  9815 | D:7      | Learned a level 3 spell: Ignite Poison
  9938 | D:8      | Reached skill level 5 in Dodging
 10053 | D:8      | Reached skill level 1 in Air Magic
 10202 | D:8      | Found a blossoming altar of Fedhas.
 10292 | D:8      | Noticed Joseph
 10299 | D:8      | Killed Joseph
 10300 | D:8      | Reached skill level 1 in Conjurations
 10300 | D:8      | Reached skill level 1 in Poison Magic
 10465 | D:8      | Noticed Grum
 10484 | D:8      | Reached XP level 10. HP: 20/68 MP: 17/17
 10493 | D:8      | Killed Grum
 10854 | D:8      | Found a white marble altar of Elyvilon.
 10860 | D:8      | Noticed Psyche
 10866 | D:8      | Killed Psyche
 10867 | D:8      | Reached skill level 5 in Spellcasting
 11146 | D:9      | Found a burning altar of Makhleb.
 11151 | D:9      | Noticed a two-headed ogre
 11157 | D:9      | Found a broken altar of Ashenzari.
 11422 | D:9      | Found a runed translucent gate.
 11422 | D:9      | Found a runed translucent gate.
 11422 | D:9      | Found a runed translucent gate.
 11426 | D:9      | Noticed oldmanjim's ghost (novice FoFi)
 11484 | D:9      | Noticed Prince Ribbit
 11512 | D:9      | Killed Prince Ribbit
 11698 | D:9      | Noticed Maurice
 11718 | D:9      | Killed Maurice
 12401 | D:9      | Reached skill level 5 in Ice Magic
 12414 | D:9      | Found Efaduwk's General Store.
 12620 | D:9      | Reached skill level 1 in Fire Magic
 12621 | D:9      | Reached skill level 1 in Transmutations
 12816 | D:9      | Reached XP level 11. HP: 69/72 MP: 18/20
 13034 | D:9      | Killed a two-headed ogre
 13124 | D:9      | Found a viscous altar of Jiyva.
 13235 | D:10     | Entered Level 10 of the Dungeon
 13641 | D:10     | Identified the +9 falchion of Starshine {distort, Contam
                  | rC- Str+7 Stlth+}
 13726 | D:10     | Found a staircase to the Lair.
 14405 | D:10     | Found a staircase to the Orcish Mines.
 14589 | D:11     | HP: 3/74 [centaur/arrow (10)]
 14589 | D:11     | Shot with an arrow by a centaur

Illustrated notes

Levels and vault maps discovered:
D:1:      nicolae_arrival_washed_ashore, layout_basic,
          hellmonk_ecumenical_altar_run_dry
D:2:      layout_basic, serial_shops, shop_coins, shop_coins,
          nicolae_lakefront_shop
D:3:      layout_loops_ring, mainiacjoe_overflow_tiny_flanked
D:4:      layout_basic, nemelex_dance_club_becter, minivault_5,
          cheibrodos_gnoll_hut
D:5:      layout_loops_corners, gup_sewer_entry_spiral
D:6:      layout_loops_ring, minmay_temple_entry_arrows, serial_shops,
          kennysheep_mini_moat, kennysheep_generic_room_15,
          uniq_crazy_yiuf_cottage
D:7:      layout_basic, mainiacjoe_overflow_brackets, serial_rivers,
          chequers_serial_rivers_marsh, chequers_serial_rivers_room_b,
          chequers_serial_rivers_small_b, chequers_serial_rivers_micro_c,
          chequers_serial_rivers_marsh, uniq_maggie
D:8:      layout_basic, mainiacjoe_overflow_six_doors_small,
          mainiacjoe_overflow_small_starburst, uniq_psyche, uniq_joseph,
          uniq_grum
D:9:      kennysheep_spiral_hall, layout_basic, lemuel_tele_altar,
          cheibrodos_ashenzari_chains, gammafunk_ghost_ooze, serial_shops, shop,
          kennysheep_kite_vault, uniq_prince_ribbit1, uniq_maurice
D:10:     layout_roguey, grunt_lair_entry_orc_guard_hut, david_orc_1_choice,
          pond
D:11:     layout_cave_pools, uniq_lodul
Temple:   eino_wide_crystal_templ

Skill      XL: |  1  2  3  4  5  6  7  8  9 10 11 |
---------------+----------------------------------+-----
Stealth        | 7 8 |  8.1
Long Blades    | 3 4 6 7 |  7.9
Spellcasting   | 1 2 3 4 6 7 |  7.2
Ice Magic      | 1 2 3 4 5 |  5.2
Short Blades   | 1 2 3 |  3.9
Dodging        | 3 4 5 6 |  6.9
Fighting       | 4 5 6 |  6.6
Shields        | 1 |  1.9
Hexes          | 1 |  1.8
Throwing       | 1 2 |  2.5
Air Magic      | 1 3 |  3.4
Conjurations   | 1 2 3 |  3.3
Poison Magic   | 1 3 |  3.8
Fire Magic     | 1 2 |  2.1
Transmutations | 1 2 |  2.5
Polearms       | |  0.5

Action                   |  1- 3 |  4- 6 |  7- 9 | 10-12 || total
-------------------------+-------+-------+-------+-------++-------
Melee: Falchion          |    40 |    94 |    42 |    35 ||   211
       Constrict         |    10 |    38 |    34 |    29 ||   111
       Tentacles         |     5 |    28 |    33 |    32 ||    98
       Dagger            |       |    28 |   104 |    78 ||   210
       Punch             |       |     2 |       |     2 ||     4
       Scimitar          |       |       |    39 |     2 ||    41
       Spear             |       |       |     6 |     8 ||    14
Throw: Boomerang         |       |     6 |     8 |    49 ||    63
 Cast: Frozen Ramparts   |       |     6 |    24 |    25 ||    55
       Mephitic Cloud    |       |       |       |    25 ||    25
       Ignite Poison     |       |       |       |    16 ||    16
Invok: Call Merchant     |       |       |       |     1 ||     1
Evoke: Wand              |     1 |       |       |       ||     1
  Use: Scroll            |     1 |       |    12 |     4 ||    17
       Potion            |       |       |     2 |     1 ||     3
 Stab: Sleeping          |     1 |    30 |    18 |     9 ||    58
       Confused          |       |       |       |     2 ||     2
Armor: Skin              |     4 |     9 |    14 |     8 ||    35
Dodge: Dodged            |    18 |    65 |   104 |    93 ||   280
Block: Other             |       |       |    20 |    34 ||    54
       Reflection        |       |       |     1 |     1 ||     2

Table legend: (Time is in decaauts)
 A = Elapsed time spent in this place.
 B = Non-inter-level travel time spent in this place.
 C = Inter-level travel time spent in this place.
 D = Time resting spent in this place.
 E = Time spent auto-exploring this place.
 F = Levels seen in this place.
 G = Mean time per level.
                   A        B        C        D        E       F      G
               +--------+--------+--------+--------+--------+-----+--------+
         Total |  14554 |  14027 |    527 |   4772 |   4220 |  13 | 1119.5 |
       Dungeon |  13803 |  13306 |    497 |   4346 |   4168 |  11 | 1254.8 |
        Temple |     63 |     33 |     30 |      0 |      0 |   1 |   63.0 |
         Sewer |    687 |    687 |      0 |    426 |     52 |   1 |  687.0 |
               +--------+--------+--------+--------+--------+-----+--------+

Top non-repeatable levels by time:
     D:7: 2189 daAuts
     D:9: 1881 daAuts
     D:5: 1742 daAuts
     D:4: 1514 daAuts
     D:8: 1508 daAuts
    D:10: 1347 daAuts
     D:6: 1126 daAuts
     D:2: 1089 daAuts
     D:3: 790 daAuts
   Sewer: 687 daAuts
     D:1: 608 daAuts
  Temple: 63 daAuts
    D:11: 4 daAuts
